 Dungeon Crawl Stone Soup version 0.17-a0-1374-gc51869c (webtiles) character file.

165 tinkerttoy the Ducker (level 5, -4/45 HPs)
             Began as a Minotaur Gladiator on June 13, 2015.
             Slain by an orc
             ... wielding a +0 flail
              (8 damage)
             ... on level 3 of the Dungeon.
             The game lasted 00:02:58 (1660 turns).

tinkerttoy the Ducker (Minotaur Gladiator)          Turns: 1660, Time: 00:02:58

Health: -4/45      AC:  3    Str: 20    XL:     5   Next: 22%
Magic:  4/4        EV: 13    Int:  5    God:
Gold:   80         SH:  0    Dex: 11    Spells: 0 memorised, 4 levels left

rFire  + . .     SeeInvis .     a - +0 war axe
rCold  + . .     Clarity  .     b - +0 leather armour
rNeg   . . .     SustAt   .     (no shield)
rPois  +         Gourm    .     c - +0 hat
rElec  +         Spirit   .     (no cloak)
rCorr  +         Warding  .     (no gloves)
rMut   .         Stasis   .     (no boots)
MR     .....                    (no amulet)
Stlth  +.........               (no ring)
                                (no ring)

@: resistant, not resistant to hostile enchantments, very unstealthy
A: retaliatory headbutt, horns 2
a: no special abilities


You were on level 3 of the Dungeon.
You were hungry.

You visited 1 branch of the dungeon, and saw 3 of its levels.

You collected 80 gold pieces.

Inventory:

Hand weapons
 a - a +0 war axe (weapon)
Missiles
 d - 3 throwing nets
 k - 6 tomahawks (quivered)
Armour
 b - a +0 leather armour (worn)
 c - a +0 hat (worn)
Scrolls
 f - 3 scrolls of teleportation {unknown}
 h - a scroll of remove curse {unknown}
 l - 2 scrolls of fog {unknown}
 m - a scroll of amnesia {unknown}
 n - a scroll of immolation {unknown}
 p - a scroll of magic mapping {unknown}
 q - a scroll of random uselessness {unknown}
 r - a scroll of fear {unknown}
 s - a scroll of enchant armour {unknown}
 t - a scroll of noise {unknown}
Potions
 i - 3 potions of resistance
 j - 2 potions of lignification {unknown}
Comestibles
 e - 5 bread rations
 g - a meat ration
 o - 2 slices of pizza
 u - a chunk of flesh


   Skills:
 + Level 3.2 Fighting
 + Level 4.6 Axes
 + Level 2.2 Throwing
 + Level 2.0 Armour
 + Level 5.0 Dodging


You had 4 spell levels left.
You didn't know any spells.

Dungeon Overview and Level Annotations

Branches:
Dungeon (3/15)

Altars:


Innate Abilities, Weirdness & Mutations

You reflexively headbutt those who attack you in melee.
You have a pair of horns on your head.


Message History

Tinkerttoy's ghost is almost destroyed.
You slash the orc!
You kill the orc!
Tinkerttoy's ghost misses you. You furiously retaliate!
You headbutt tinkerttoy's ghost, but do no damage.
You hit tinkerttoy's ghost but do no damage.
You headbutt tinkerttoy's ghost.
You destroy tinkerttoy's ghost!
Your Armour skill increases to level 2!
Your Dodging skill increases to level 5!
You have reached level 5!
You closely miss the orc. The orc misses you.
You hit the orc.
The orc is heavily wounded.
You closely miss the orc. The orc misses you. You furiously retaliate!
You headbutt the orc.
You kill the orc!
The orc completely misses you.
You barely miss the orc. The orc hits you with a flail!
You die...

#.# ... .. .?
.. .. #. .#
#.. .#
#..##.#
#...o)##
#.@..#
#........#
###.#....# ..
......# #.
........# #
....)..#...
........####.
#....#...#


You could see an orc.

Vanquished Creatures
  The ghost of tinkerttoy the Skirmisher, a weakling DsAK of Lugonu (D:3)
  3 adders
  5 worms (D:2)
  2 giant geckos
  4 orcs (D:3)
  A ball python (D:1)
  3 giant cockroaches
  11 goblins
  6 hobgoblins
  A quokka (D:2)
  11 bats
  2 giant newts
  9 jackals
  8 kobolds
  6 rats
73 creatures vanquished.

Notes
Turn   | Place    | Note
--------------------------------------------------------------
     0 | D:1      | tinkerttoy the Minotaur Gladiator began the quest for the Orb.
     0 | D:1      | Reached XP level 1. HP: 18/18 MP: 0/0
   104 | D:1      | Reached XP level 2. HP: 22/25 MP: 1/1
   343 | D:1      | Reached skill level 4 in Axes
   408 | D:1      | Reached XP level 3. HP: 28/30 MP: 2/2
  1122 | D:2      | Reached XP level 4. HP: 24/38 MP: 3/3
  1139 | D:2      | Found a faded altar to an unknown god.
  1242 | D:2      | Reached skill level 1 in Armour
  1646 | D:3      | Noticed tinkerttoy's ghost (weakling DsAK)
  1658 | D:3      | Killed tinkerttoy's ghost
  1658 | D:3      | Reached skill level 5 in Dodging
  1658 | D:3      | Reached XP level 5. HP: 3/45 MP: 4/4
  1660 | D:3      | Slain by an orc

Vault maps used:
D:1:      lightli_arrival_isolated_outpost, serial_glass, glass_columns_a,
          glass_columns_c, st_stairs_1
D:2:      ecumenical_altar_2, first_bread, minmay_strange_pillars, st_stairs_4,
          interstate_on_off, wad_floor_pattern_untrapped
D:3:      wad_river_or_something, nemelex_xobeh_ov_fountains_minmay

Action                   |  1- 3 |  4- 6 || total
-------------------------+-------+-------++-------
Melee: War axe           |    85 |    58 ||   143
Throw: Tomahawk          |       |     1 ||     1
  Use: Potion            |       |     1 ||     1
  Eat: Chunk             |     1 |     1 ||     2
